 Dungeon Crawl Stone Soup version 0.26.1-11-gd32895ea62 (webtiles) character file.

Game seed: 6197056541844064877

162 infcreate the Sneak (level 5, -8/29 HPs)
             Began as a Vampire Enchanter on Apr 24, 2021.
             Killed by divine providence
             ... invoked by an orc priest
              (13 damage)
             ... on level 3 of the Dungeon.
             The game lasted 00:06:38 (3373 turns).

infcreate the Sneak (Vampire Enchanter)             Turns: 3373, Time: 00:06:39

Health: -8/29      AC:  2    Str:  7    XL:     5   Next: 19%
Magic:  0/8        EV: 13    Int: 17    God:
Gold:   131        SH:  0    Dex: 16    Spells: 2/8 levels left

rFire    . . .     SeeInvis +   a - +1 dagger
rCold    + + .     Faith    .   (no shield)
rNeg     + + +     Spirit   .   b - +0 robe
rPois    ∞         Reflect  .   (no helmet)
rElec    .         Harm     .   (no cloak)
rCorr    .         Rampage  .   (no gloves)
Will     .....                  (no boots)
Stlth    +++++.....             (no amulet)
HPRegen  0.00/turn              (no ring)
MPRegen  0.11/turn              (no ring)

@: confusing touch, bloodless
A: fangs 3, see invisible, unbreathing
a: Bat Form, Revivify


You were on level 3 of the Dungeon.
You visited 1 branch of the dungeon, and saw 3 of its levels.

You collected 131 gold pieces.


Innate Abilities, Weirdness & Mutations

You do not regenerate when monsters are visible.
You are frail without blood (-20% HP).
You can heal yourself when you bite living creatures.
You are immune to poison.
You have razor-sharp teeth.
You have supernaturally acute eyesight. (SInv)
You can survive without breathing.


   Skills:
 + Level 1.0 Fighting
 * Level 2.6 Short Blades
 * Level 3.1 Dodging
 * Level 5.8 Stealth
 + Level 2.4 Spellcasting
 * Level 5.5 Hexes


You had 2 spell levels left.
You knew the following spells:

 Your Spells              Type           Power        Failure   Level
c - Corona                Hex            22%          1%          1
e - Ensorcelled Hibernat  Hex/Ice        22%          9%          2
t - Confusing Touch       Hex            20%          6%          3

Your spell library contained the following spells:

 Spells                   Type           Power        Failure   Level
 Tukima's Dance           Hex            20%          6%          3
 Dazzling Flash           Conj/Hex       22%          19%         3

Inventory:

Hand Weapons
 a - a +1 dagger (weapon)
Armour
 b - a +0 robe (worn)
 s - a +0 helmet
Jewellery
 c - a +4 ring of evasion {unknown}
 m - an uncursed ring of willpower {unknown}
Wands
 t - a wand of polymorph (4)
Scrolls
 f - a scroll of random uselessness {unknown}
 g - a scroll of noise {unknown}
 h - 2 scrolls of teleportation {@r4}
 i - a scroll of identify {unknown}
 o - a scroll of enchant weapon {unknown}
 q - a scroll of magic mapping {unknown}
 r - a scroll of immolation {unknown}
Potions
 d - a potion of attraction {unknown}
 e - a potion of resistance {unknown}
 j - 3 potions of flight {unknown}
 k - 2 potions of curing {unknown}
 l - a potion of lignification {unknown}
 n - a potion of brilliance {unknown}
 p - a potion of haste {unknown}

Dungeon Overview and Level Annotations

Branches:
Dungeon (3/15)

Altars:

##.# ### #.#####
#)# #.# ## ##'##
#g# .. #†.)##
####.###### .#
.÷...###.........#
.# .#
......##g#####.#.#
.##..#. .......#.#
#.#.###.......
....)..'.#
#...og.....>..
...)...#.#
#.#@###.......
......##.#####.).#
#.#....
.....###.......###
.# #.# #...##
#####.### # #
##'##### #.#
#.....# #.#
##.###.#####.#
.............#
#...##.#######


You could see an orc priest and a hobgoblin.


Message History

Casting: Ensorcelled Hibernation (safe; 9% risk of failure)
Confirm with . or Enter, or press ? or * to list all spells.
Aiming: Ensorcelled Hibernation (safe; 9% risk of failure)
Press: ? - help, Shift-Dir - straight line, f/p - orc priest
Aim: an orc priest (chance to affect: 42%)
The orc priest resists with some effort.
Things that are here:
a +0 hand axe; a cursed -1 chain mail
Casting: Ensorcelled Hibernation (safe; 9% risk of failure)
Confirm with . or Enter, or press ? or * to list all spells.
The spell is quite dangerous to cast (6% risk of failure)!
Continue anyway?
Your hands begin to glow red.
A hobgoblin comes into view. It is wielding a +0 club.
The orc priest hits you.
Things that are here:
a +0 hand axe; a cursed -1 chain mail You barely miss the orc priest.
The orc priest misses you.
The hobgoblin shouts!
You hit the orc priest but do no damage.
You hit the orc priest but do no damage.
You bite the orc priest, but do no damage.
The orc priest hits you but does no damage.
You hit the orc priest but do no damage.
The orc priest mumbles some strange prayers to Beogh against you.
Beogh smites you!
* * * LOW HITPOINT WARNING * * *
You hit the orc priest but do no damage.
The orc priest invokes the aid of Beogh against you.
Beogh smites you!
You die...

Skill      XL: |  1  2  3  4 |
---------------+-------------+-----
Stealth        | 5 |  5.8
Short Blades   | 2 |  2.6
Hexes          | 5 |  5.5
Dodging        | 3 |  3.1
Fighting       | 1 |  1.0
Spellcasting   | |  2.4

Action                   |  1- 3 |  4- 6 || total
-------------------------+-------+-------++-------
Melee: Dagger            |    74 |    88 ||   162
       Bite              |     5 |     5 ||    10
 Cast: Corona            |    25 |     4 ||    29
       Ensorcelled Hiber |    10 |    39 ||    49
       Confusing Touch   |       |     4 ||     4
 Abil: Exsanguinate      |     1 |       ||     1
  Use: Scroll            |     1 |       ||     1
 Stab: Sleeping          |    21 |    20 ||    41
       Confused          |       |     2 ||     2
Armor: Robe              |     5 |    13 ||    18
Dodge: Dodged            |    35 |    60 ||    95

Levels and vault maps discovered:
D:1:      dpeg_arrival_rhombus, layout_rooms, kennysheep_nondescript,
          st_stairs_12
D:2:      layout_loops_ring
D:3:      layout_loops_corners, uniq_grinder, uniq_robin

Notes
Turn   | Place    | Note
-------+----------+-------------------------------------------
     0 | D:1      | infcreate the Vampire Enchanter began the quest for the
                  | Orb.
     0 | D:1      | Reached XP level 1. HP: 13/13 MP: 3/3
   229 | D:1      | Reached XP level 2. HP: 15/15 MP: 5/5
   267 | D:1      | Learned a level 2 spell: Ensorcelled Hibernation
   707 | D:1      | Reached XP level 3. HP: 20/20 MP: 2/6
  1228 | D:2      | Reached skill level 5 in Stealth
  1395 | D:2      | Reached skill level 2 in Short Blades
  1397 | D:2      | Reached skill level 5 in Hexes
  1399 | D:2      | Reached XP level 4. HP: 24/24 MP: 7/7
  1403 | D:2      | Learned a level 3 spell: Confusing Touch
  2210 | D:3      | Reached skill level 3 in Dodging
  2432 | D:3      | Reached skill level 1 in Fighting
  2735 | D:3      | Reached XP level 5. HP: 19/29 MP: 1/8
  2750 | D:3      | Noticed Robin
  3088 | D:3      | Killed Robin
  3373 | D:3      | Killed from afar by an orc priest

Vanquished Creatures
  A hound (D:3)
  Robin (D:3)
  3 gnolls (D:2)
  An adder (D:3)
  A worm (D:2)
  A dart slug (D:1)
  4 leopard geckos (D:1)
  2 orcs (D:3)
  A ball python (D:3)
  4 giant cockroaches
  15 goblins
  10 hobgoblins
  9 kobolds
  6 bats
  5 frilled lizards
  5 rats
69 creatures vanquished.

Table legend: (Time is in decaauts)
 A = Elapsed time spent in this place.
 B = Non-inter-level travel time spent in this place.
 C = Inter-level travel time spent in this place.
 D = Time resting spent in this place.
 E = Time spent auto-exploring this place.
 F = Levels seen in this place.
 G = Mean time per level.
                   A        B        C        D        E       F      G
               +--------+--------+--------+--------+--------+-----+--------+
         Total |   3356 |   3291 |     65 |     93 |   2555 |   3 | 1118.7 |
       Dungeon |   3356 |   3291 |     65 |     93 |   2555 |   3 | 1118.7 |
               +--------+--------+--------+--------+--------+-----+--------+

Top non-repeatable levels by time:
     D:3: 1578 daAuts
     D:1: 951 daAuts
     D:2: 826 daAuts

Table legend:
 A = Non-vault XP
 B = Vault XP
 C = Vault XP percentage of total XP
 D = Non-vault monster count
 E = Vault monster count
 F = Vault count percentage of total count
                 A         B        C        D         E       F
            +---------+---------+-------+---------+---------+-------
      Total |     192 |      40 |  17.2 |      55 |      14 |  20.3
            +---------+---------+-------+---------+---------+-------
        D:1 |      43 |       1 |   2.3 |      22 |       1 |   4.3
        D:2 |      66 |       0 |   0.0 |      16 |       0 |   0.0
        D:3 |      83 |      39 |  32.0 |      17 |      13 |  43.3
            +---------+---------+-------+---------+---------+-------
